 Dungeon Crawl Stone Soup version 0.30-a0-297-g0ec75d9ef4 (webtiles) character file.

Game seed: 15255766775104905839

3224 AarnesTheHuman the Blocker (level 10, -9/78 (80) HPs)
             Began as a Formicid Fighter on Oct 17, 2022.
             Was an Initiate of Wu Jian.
             Killed from afar by a gargoyle (19 damage)
             ... with a stone arrow
             ... on level 6 of the Dungeon on Oct 18, 2022.
             The game lasted 00:31:00 (7139 turns).

AarnesTheHuman the Blocker (Formicid Fighter)       Turns: 7139, Time: 00:31:01

HP:   -9/78 (80)    AC: 13    Str: 28    XL:     10   Next: 18%
MP:   10/10         EV:  7    Int:  8    God:    Wu Jian [......]
Gold: 372           SH:  8    Dex: 21    Spells: 9/9 levels left

rFire   + + .      SeeInvis +    a - +9 flail of Juopnock {vamp, rF++ Will+ Str+5}
rCold   . . .      Faith    +    c - +1 buckler
rNeg    . . .      Spirit   .    k - +0 plate armour
rPois   .          Reflect  .    (helmet unavailable)
rElec   .          Harm     .    (no cloak)
rCorr   .          Rampage  .    (no gloves)
Will    ++...                    C - +0 pair of boots
Stlth   ..........               w - amulet of faith
HPRegen 0.33/turn                f - ring of flight
MPRegen 0.12/turn                y - +6 ring of dexterity

@: mighty, flying, lightly drained
A: permanent stasis, dig shafts and tunnels, antennae 3, four strong arms
a: Dig, Shaft Self, Renounce Religion


You were on level 6 of the Dungeon.
You worshipped Wu Jian.
Wu Jian was noncommittal.
You visited 2 branches of the dungeon, and saw 7 of its levels.
You also visited: Ossuary.

You collected 372 gold pieces.

Inventory:

Hand Weapons
 a - the +9 flail of Juopnock (weapon) {vamp, rF++ Will+ Str+5}
   (You found it on level 3 of the Dungeon)

   It occasionally heals its wielder for a portion of the damage dealt when it
   wounds a living foe.
   Str:       It affects your strength (+5).
   rF:        It greatly protects you from fire.
   Will:      It increases your willpower.
 b - a +3 sling of flaming
 l - a +0 war axe
 t - a +5 scythe of flaming
 M - a +2 flail of holy wrath
Missiles
 e - 81 stones (quivered)
 n - 5 atropa-tipped darts
 o - 3 datura-tipped darts
 v - a throwing net
Armour
 c - a +1 buckler (worn)
 d - a +2 robe of cold resistance
 i - a +0 scale mail
 k - a +0 plate armour (worn)
 C - a +0 pair of boots (worn)
Jewellery
 f - a ring of flight (left hand)
 p - a ring of flight
 w - an amulet of faith (around neck)
 y - a +6 ring of dexterity (right hand)
Scrolls
 g - 2 scrolls of fear
 z - a scroll of butterflies
 B - a scroll of poison
 D - 2 scrolls of vulnerability
 H - a scroll of magic mapping
 I - 2 scrolls of teleportation
Potions
 h - 3 potions of flight
 j - a potion of haste {unknown}
 m - 2 potions of attraction
 r - 5 potions of curing
 s - 2 potions of brilliance
 u - a potion of ambrosia {unknown}
 x - a potion of mutation
 A - 2 potions of lignification
 G - a potion of resistance
 J - a potion of magic


   Skills:
 + Level 7.7 Fighting
 - Level 4.3(6.7) Axes
 - Level 7.9(8.5) Maces & Flails
 - Level 5.0 Ranged Weapons
 - Level 5.0 Armour
 - Level 8.0 Shields


You had 9 spell levels left.
You didn't know any spells.
Your spell library contained the following spells:

 Spells                   Type           Power      Damage    Failure   Level
 Freeze                   Ice            0%         1d3       99%         1
 Call Canine Familiar     Summ           0%         N/A       100%        3
 Frozen Ramparts          Ice            0%         1d1       100%        3
 Hailstorm                Conj/Ice       0%         3d3       100%        3
 Inner Flame              Hex/Fire       0%         N/A       100%        3
 Portal Projectile        Hex/Tloc       0%         N/A       100%        3
 Flame Wave               Conj/Fire      0%         2d4       100%        4
 Leda's Liquefaction      Hex/Erth       0%         N/A       100%        4
 Manifold Assault         Tloc           0%         N/A       100%        4
 Sticky Flame             Conj/Fire      0%         2d3       100%        4
 Storm Form               Tmut/Air       0%         N/A       100%        7
 Blink                    Tloc           Unusable   N/A       N/A         2

Dungeon Overview and Level Annotations

Branches:
Dungeon (6/15)             Temple (1/1) D:6         Ossuary (visited)

Altars:
Ashenzari
Cheibriados
Dithmenos
Elyvilon
Fedhas
Gozag
Hepliaklqana
Kikubaaqudgha
Makhleb
Nemelex Xobeh
Okawaru
Qazlal
Sif Muna
Trog
Uskayaw
Vehumet
Wu Jian
Xom
Yredelemnul
The Shining One

Shops:
D:2 (

Annotations:
D:1 exclusion: downstairs
D:2 1 runed translucent door, Crazy Yiuf


Innate Abilities, Weirdness & Mutations

You cannot be hasted, slowed, berserked, paralysed or teleported.
You can dig through walls and to a lower floor.
You have a pair of large antennae on your head. (SInv)
Your four strong arms can wield two-handed weapons with a shield.


Message History

The stone arrow misses you.
You hit the gargoyle but do no damage.
The gargoyle is severely damaged.
The gargoyle hurls a stone arrow at you.
The stone arrow hits you!
You hit the gargoyle.
The gargoyle is almost destroyed.
The gargoyle hits you with a +0 flail!!
* * * LOW HITPOINT WARNING * * *
Okay, then.
Unknown command.
Unknown command.
Okay, then.
Unknown command.
Unknown command.
Press: ? - help, v - describe, . - travel
Here: a gargoyle, wielding a +0 flail (severely damaged)
The floor, spattered with blood.
Unknown command.
Unknown command.
Unknown command.
Okay, then.
Unknown command.
Unknown command.
Unknown command.
Press: ? - help, v - describe, . - travel
Here: a gargoyle, wielding a +0 flail (severely damaged)
The floor, spattered with blood.
Unknown command.
You can't see any enemies this would affect, really read the scroll of fear?
Okay, then.
Unknown command.
Unknown command.
Okay, then.
Unknown command.
Unknown command.
You feel very mighty all of a sudden.
The gargoyle hurls a stone arrow at you.
The stone arrow hits you!!
You die...

#.....# #.....###
#.......#
##.....#.# #
#........# #.#
####..###...####
.# ..###...###...#
##.#.....#9###.#
#...#...#..@# ..#
## ..#...#####...#
..#
.#...#...#...#...#
.9#
..#.###.#.....#.##
.#.
.###...###...###.
###.
#.#.....#.###.# ..
# ..#...#...# .#.
...#####...#
...#...#...# .


You could see a gargoyle.

Vanquished Creatures
  Prince Ribbit (D:5)
  Grinder (D:4)
  Sigmund (D:2)
  A water moccasin (D:5)
  Duvessa (D:4)
  A hornet zombie (Ossuary)
  2 ogres
  A centaur (D:5)
  A phantom (D:5)
  2 bullfrogs
  2 water moccasin zombies (Ossuary)
  4 scorpions
  4 wights
  Dowan (D:4)
  6 killer bees (D:6)
  3 hounds
  4 centaur zombies (Ossuary)
  2 bullfrog zombies (Ossuary)
  A jelly (D:6)
  Jessica (D:2)
  3 iguanas
  2 orc wizards
  A killer bee zombie (Ossuary)
  17 mummies (Ossuary)
  Robin (D:4)
  3 gnolls (D:2)
  7 adders
  3 white imps
  A worm (D:3)
  5 dart slugs
  20 orcs
  5 bats
  2 endoplasms (D:3)
  2 giant cockroaches
  13 goblins
  4 hobgoblins
  5 jackals
  2 kobolds (D:4)
  5 quokkas
  9 ball pythons
  2 frilled lizards
  5 rats
157 creatures vanquished.

Vanquished Creatures (collateral kills)
  A hound (D:6)
  An adder (D:5)
  An orc (D:5)
3 creatures vanquished.

Vanquished Creatures (others)
  8 plants (D:4)
  8 withered plants (Ossuary)
16 creatures vanquished.

Grand Total: 176 creatures vanquished

Notes
Turn   | Place    | Note
-------+----------+-------------------------------------------
     0 | D:1      | AarnesTheHuman the Formicid Fighter began the quest for the
                  | Orb.
     0 | D:1      | Reached XP level 1. HP: 18/18 MP: 1/1
   140 | D:1      | Reached XP level 2. HP: 24/24 MP: 2/2
  1015 | D:1      | Reached XP level 3. HP: 4/29 MP: 3/3
  1283 | D:1      | Reached skill level 1 in Ranged Weapons
  1283 | D:1      | Reached skill level 5 in Shields
  1283 | D:1      | Reached XP level 4. HP: 15/35 MP: 4/4
  1469 | D:2      | Noticed Jessica
  1472 | D:2      | Killed Jessica
  1636 | D:2      | Found Garrekk's Weapon Shop.
  1810 | D:2      | Found a runed translucent door.
  1811 | D:2      | Noticed Crazy Yiuf
  1839 | D:2      | Noticed Sigmund
  1857 | D:2      | Killed Sigmund
  1858 | D:2      | Reached skill level 6 in Shields
  1858 | D:2      | Reached XP level 5. HP: 15/41 MP: 5/5
  1858 | D:2      | Reached XP level 6. HP: 17/47 MP: 6/6
  2931 | D:3      | Reached XP level 7. HP: 51/52 MP: 7/7
  2989 | D:3      | Found a hazy altar of Hepliaklqana.
  3009 | D:3      | Identified the +9 flail of Juopnock {vamp, rF++ Will+
                  | Str+5}
  3135 | D:4      | Reached skill level 1 in Maces & Flails
  3221 | D:4      | Noticed Dowan
  3222 | D:4      | Noticed Duvessa
  3240 | D:4      | Killed Duvessa
  3241 | D:4      | Reached skill level 7 in Shields
  3242 | D:4      | Killed Dowan
  3321 | D:3      | Upgraded the game from 0.30-a0-283-gf371ce1921 to
                  | 0.30-a0-297-g0ec75d9ef4
  3424 | D:4      | Noticed Grinder
  3433 | D:4      | Killed Grinder
  3434 | D:4      | Reached skill level 5 in Maces & Flails
  3434 | D:4      | Reached XP level 8. HP: 58/58 MP: 8/8
  3651 | D:4      | Noticed Robin
  3696 | D:4      | Killed Robin
  4353 | D:5      | Entered Level 5 of the Dungeon
  4497 | D:5      | Found a broken altar of Ashenzari.
  4497 | D:5      | Found a blossoming altar of Fedhas.
  4528 | D:5      | Found a sand-covered staircase.
  4536 | Ossuary  | Entered an ossuary
  4705 | Ossuary  | Reached XP level 9. HP: 59/65 MP: 9/9
  4760 | Ossuary  | Reached skill level 8 in Shields
  5885 | D:5      | Reached skill level 5 in Ranged Weapons
  6037 | D:5      | Noticed Prince Ribbit
  6064 | D:5      | Killed Prince Ribbit
  6298 | D:6      | Reached skill level 5 in Fighting
  6307 | D:6      | Reached skill level 5 in Armour
  6345 | D:6      | Found a staircase to the Ecumenical Temple.
  6437 | D:6      | Reached XP level 10. HP: 62/76 MP: 10/10
  6506 | Temple   | Entered the Ecumenical Temple
  6629 | Temple   | Became a worshipper of the Wu Jian Council
  7108 | D:6      | Noticed a gargoyle
  7139 | D:6      | Killed from afar by a gargoyle

Illustrated notes

Levels and vault maps discovered:
D:1:      onia_arrival_mini_maze, layout_loops_ring,
          chequers_serial_rivers_micro_b, st_stairs_3
D:2:      layout_loops_ring, serial_shops,
          nicolae_shop_temple_entry_statues_fountains, uniq_jessica,
          uniq_crazy_yiuf_cottage, uniq_sigmund
D:3:      layout_rooms, nzn_hepliaklqana_mist_gate, minmay_circle_x
D:4:      layout_loops_corners, guppyfry_early_lair_pool, uniq_robin,
          uniq_duvessa, uniq_grinder
D:5:      layout_basic, jmf_multi_god_temple, chequers_ossuary_entry_cave,
          chequers_serial_rivers_large_a, kennysheep_cross_bottleneck,
          uniq_prince_ribbit1
D:6:      nicolae_cairo_tiling, layout_loops_cross,
          nicolae_ru_the_path_less_chosen, zin_angel, minmay_temple_entry_glass,
          amcnicky_mini_rare_corridor_liquid
Temple:   nicolae_temple_bog_church

Skill      XL: |  1  2  3  4  5  6  7  8  9 10 |
---------------+-------------------------------+-----
Ranged Weapons | 1 2 3 5 |  5.0
Shields        | 5 6 7 8 |  8.0
Axes           | 4 |  4.3
Maces & Flails | 5 6 7 |  7.9
Fighting       | 4 6 7 |  7.7
Armour         | 4 5 |  5.0

Action                   |  1- 3 |  4- 6 |  7- 9 | 10-12 || total
-------------------------+-------+-------+-------+-------++-------
Melee: War axe           |    62 |    54 |     8 |       ||   124
       Flail             |       |       |   184 |    71 ||   255
 Fire: Sling             |     4 |    35 |   124 |       ||   163
Throw: Dart              |       |       |     9 |       ||     9
       Stone             |       |       |     2 |     2 ||     4
       Throwing net      |       |       |     2 |       ||     2
 Abil: Dig               |       |       |     4 |       ||     4
  Use: Potion            |       |     1 |       |     2 ||     3
       Scroll            |       |     7 |    13 |     2 ||    22
Armor: Scale mail        |    36 |    34 |       |       ||    70
       Plate armour      |       |     4 |   100 |    29 ||   133
Dodge: Dodged            |    26 |    32 |    59 |    19 ||   136
Block: Buckler           |    11 |    18 |    52 |    19 ||   100

Table legend: (Time is in decaauts)
 A = Elapsed time spent in this place.
 B = Non-inter-level travel time spent in this place.
 C = Inter-level travel time spent in this place.
 D = Time resting spent in this place.
 E = Time spent auto-exploring this place.
 F = Levels seen in this place.
 G = Mean time per level.
                   A        B        C        D        E       F      G
               +--------+--------+--------+--------+--------+-----+--------+
         Total |   7282 |   6934 |    348 |   1649 |   3095 |   8 |  910.2 |
       Dungeon |   6303 |   5971 |    332 |   1350 |   2890 |   6 | 1050.5 |
        Temple |    134 |    118 |     16 |      0 |    100 |   1 |  134.0 |
       Ossuary |    843 |    843 |      0 |    298 |    105 |   1 |  843.0 |
               +--------+--------+--------+--------+--------+-----+--------+

Top non-repeatable levels by time:
     D:4: 1298 daAuts
     D:1: 1257 daAuts
     D:5: 1205 daAuts
     D:2: 1117 daAuts
 Ossuary: 843 daAuts
     D:3: 791 daAuts
     D:6: 634 daAuts
  Temple: 134 daAuts
